 Dungeon Crawl Stone Soup version 0.18-a0-1312-gf98331d (webtiles) character file.

151 Lathuz the Shield-Bearer (level 5, -13/45 HPs)
             Began as a Minotaur Fighter on Feb 14, 2016.
             Killed by divine providence
             ... invoked by an orc priest
              (16 damage)
             ... on level 3 of the Dungeon.
             The game lasted 00:03:57 (1742 turns).

Lathuz the Shield-Bearer (Minotaur Fighter)         Turns: 1742, Time: 00:03:57

Health: -13/45     AC:  8    Str: 20    XL:     5   Next: 11%
Magic:  4/4        EV:  7    Int:  5    God:
Gold:   77         SH: 10    Dex: 11    Spells: 0 memorised, 4 levels left

rFire  . . .     SeeInvis .     v - +0 flail (holy)
rCold  . . .     Gourm    .     b - +0 scale mail
rNeg   . . .     Faith    .     c - +0 shield
rPois  .         Spirit   .     (helmet restricted)
rElec  .         Dismiss  .     m - +0 cloak
rCorr  .         Reflect  .     (no gloves)
SustAt .         Harm     .     (no boots)
MR     .....                    t - amulet of rage
Stlth  ..........               (no ring)
                                (no ring)

@: not resistant to hostile enchantments, extremely unstealthy
A: retaliatory headbutt, horns 2
a: Evoke Berserk Rage


You were on level 3 of the Dungeon.
You were hungry.

You visited 1 branch of the dungeon, and saw 3 of its levels.

You collected 77 gold pieces.

Inventory:

Hand Weapons
 v - a +0 flail of holy wrath (weapon)
Missiles
 i - 78 stones (quivered)
Armour
 b - a +0 scale mail (worn)
 c - a +0 shield (worn)
 m - a +0 cloak (worn)
Jewellery
 a - an uncursed amulet of faith {unknown}
 t - an amulet of rage (around neck)
Scrolls
 h - a scroll of identify {unknown}
 j - a scroll of remove curse {unknown}
 l - a scroll of enchant weapon {unknown}
 r - a scroll of teleportation {unknown}
Potions
 d - a potion of might
 e - a potion of flight {unknown}
 n - a potion of berserk rage {unknown}
 p - a potion of brilliance {unknown}
 q - a potion of heal wounds {unknown}
 u - a potion of agility {unknown}
Comestibles
 f - 3 bread rations
 g - a meat ration
 k - a royal jelly
 o - 2 beef jerkies
 s - 9 chunks of flesh


   Skills:
 - Level 3.6 Fighting
 + Level 5.0 Maces & Flails
 - Level 3.6 Armour
 + Level 5.4 Shields


You had 4 spell levels left.
You didn't know any spells.

Dungeon Overview and Level Annotations

Branches:
Dungeon (3/15)

Altars:
Elyvilon


Innate Abilities, Weirdness & Mutations

You reflexively headbutt those who attack you in melee.
You have a pair of horns on your head.


Message History

You are feeling hungry.
You closely miss the orc priest.
You headbutt the orc priest, but do no damage.
The orc priest is severely wounded.
You block the orc's attack. You block the orc wizard's attack.
The giant newt hisses menacingly.
The giant newt bites you but does no damage.
The orc priest hits you but does no damage.
You block the orc wizard's attack. The orc closely misses you.
You furiously retaliate!
You headbutt the orc!
You kill the orc!
You hit the orc priest.
You headbutt the orc priest, but do no damage.
The orc priest is almost dead.
You block the orc wizard's attack. The giant newt barely misses you.
You furiously retaliate!
You headbutt the giant newt, but do no damage.
The orc priest mumbles some strange prayers to Beogh against you.
Something smites you!
You die...

######################
......................#
.......................#
.......................#
...........)...........#
.......oo..............##
.......(@......).........
.......l...............#
...........(....?......#
........%...)....).....##
.........................
.........................
.........................
.........................
.........................


You could see an orc priest, an orc wizard and a giant newt.

Vanquished Creatures
  An orc priest (D:3)
  An orc wizard (D:3)
  2 adders
  An ooze (D:2)
  2 worms (D:2)
  2 giant geckos
  7 orcs (D:3)
  3 bats (D:2)
  7 goblins
  8 hobgoblins
  9 jackals
  2 giant newts
  2 kobolds (D:1)
  6 rats
53 creatures vanquished.

Notes
Turn   | Place    | Note
--------------------------------------------------------------
     0 | D:1      | Lathuz the Minotaur Fighter began the quest for the Orb.
     0 | D:1      | Reached XP level 1. HP: 19/19 MP: 0/0
   174 | D:1      | Reached XP level 2. HP: 26/26 MP: 1/1
   259 | D:1      | Reached skill level 4 in Shields
   591 | D:2      | Reached XP level 3. HP: 31/31 MP: 2/2
   749 | D:2      | Found a white marble altar of Elyvilon.
  1432 | D:3      | Reached XP level 4. HP: 32/39 MP: 3/3
  1540 | D:3      | Reached skill level 5 in Shields
  1549 | D:3      | Reached XP level 5. HP: 36/45 MP: 4/4
  1708 | D:3      | Reached skill level 5 in Maces & Flails
  1740 | D:3      | HP: 2/45 [orc priest/flail (3)]
  1742 | D:3      | Killed from afar by an orc priest

Vault maps used:
D:1:      dpeg_arrival_court
D:2:      elyvilon_altar_3
D:3:      first_bread

Action                   |  1- 3 |  4- 6 || total
-------------------------+-------+-------++-------
Melee: Flail             |    93 |    30 ||   123
 Abil: Evoke Berserk Rag |       |     1 ||     1
  Eat: Chunk             |     2 |     1 ||     3
